 Dungeon Crawl Stone Soup version 0.16-a0-1816-g2c93a98 (webtiles) character file.

116 timbw the Chucker (level 4, -2/41 HPs)
             Began as a Troll Hunter on Nov 3, 2014.
             Slain by Prince Ribbit (4 damage)
             ... on level 4 of the Dungeon.
             The game lasted 00:02:18 (545 turns).

timbw the Chucker (Troll Hunter)                     Turns: 545, Time: 00:02:18

Health: -2/41      AC:  7    Str: 20    XL:     4   Next: 70%
Magic:  2/2        EV: 10    Int:  7    God:
Gold:   91         SH:  0    Dex: 11    Spells: 0 memorised, 3 levels left

rFire  . . .     SeeInvis .     (no weapon)
rCold  . . .     Clarity  .     i - +2 robe {MR+}
rNeg   . . .     SustAb   .     (shield restricted)
rPois  .         Gourm    +     (helmet restricted)
rElec  .         Spirit   .     (no cloak)
rCorr  .         Warding  .     (gloves unavailable)
rMut   .         Stasis   .     (boots unavailable)
MR     +....                    (no amulet)
Stlth  +.........               (no ring)
                                (no ring)

@: somewhat resistant to hostile enchantments, very unstealthy
A: unfitting armour, claws 3, fast metabolism 3, gourmand, regeneration 2,
shaggy fur 1, tough skin 2
a: no special abilities


You were on level 4 of the Dungeon.
You were not hungry.

You visited 1 branch of the dungeon, and saw 4 of its levels.

You collected 91 gold pieces.

Inventory:

Hand weapons
 e - a +0 spear
 g - a +0 mace
Armour
 d - a +0 animal skin
 i - a +2 robe of magic resistance (worn)
Scrolls
 l - a scroll of identify {unknown}
Potions
 j - a potion of haste {unknown}
 k - 2 potions of curing {unknown}
 m - a potion of magic {unknown}
Comestibles
 a - 2 meat rations
 f - a chunk of flesh
 h - a slice of pizza


   Skills:
 - Level 1.5 Fighting
 + Level 3.3 Maces & Flails
 - Level 3.6 Throwing
 - Level 2.4 Dodging
 - Level 0.4 Stealth


You had 3 spell levels left.
You didn't know any spells.

Dungeon Overview and Level Annotations

Branches:
Dungeon (4/15)
 Temple: D:4-7

Altars:

Annotations:
D:4 Prince Ribbit


Innate Abilities, Weirdness & Mutations

You are too large for most types of armour.
You have claws for hands.
Your metabolism is lightning-fast.
You like to eat raw meat.
You heal very quickly.
You are covered in fur (AC +1).
You have very tough skin (AC +2).


Message History

Aim: Prince Ribbit You throw a large rock.
Prince Ribbit momentarily phases out as the large rock passes through him.
Prince Ribbit hits you!
Throwing (i - inventory):
c - 2 throwing nets (quivered)
Press: ? - help, Shift-Dir - straight line, f/p - Prince Ribbit
Aim: Prince Ribbit You throw a throwing net.
The throwing net completely misses Prince Ribbit.
Prince Ribbit barely misses you. x2
Throwing (i - inventory):
c - a throwing net (quivered)
Press: ? - help, Shift-Dir - straight line, f/p - Prince Ribbit
Aim: Prince Ribbit You throw a throwing net.
The throwing net misses Prince Ribbit.
Prince Ribbit hits you. Prince Ribbit hits you!!
* * * LOW HITPOINT WARNING * * *
The ball python bites you but does no damage.
Prince Ribbit hits you.
You die...

##### # ......
......... .......
....(............
............(...#
................######
........# #(F?...#
........# #.@S...#
........#######......#
........'.....'......+
.....)..#######......#
........# .........
######### ...[....##
###### .........
....... .........
...... ........


You could see Prince Ribbit and a ball python.

Vanquished Creatures
  Blork the orc (D:4)
  Jessica (D:2)
  A gnoll (D:1)
  A worm (D:3)
  2 bats
  2 hobgoblins (D:3)
  A giant cockroach (D:1)
  A giant newt (D:2)
  A goblin (D:1)
  8 jackals
  4 rats
23 creatures vanquished.

Notes
Turn   | Place    | Note
--------------------------------------------------------------
     0 | D:1      | timbw, the Troll Hunter, began the quest for the Orb.
     0 | D:1      | Reached XP level 1. HP: 19/19 MP: 1/1
    23 | D:1      | Reached XP level 2. HP: 18/27 MP: 1/1
   242 | D:2      | Noticed Jessica
   255 | D:2      | Killed Jessica
   255 | D:2      | Reached skill level 1 in Maces & Flails
   255 | D:2      | Reached XP level 3. HP: 24/33 MP: 2/2
   497 | D:4      | Noticed Blork the orc
   503 | D:4      | Killed Blork the orc
   503 | D:4      | Reached XP level 4. HP: 26/41 MP: 2/2
   535 | D:4      | Noticed Prince Ribbit
   545 | D:4      | HP: 2/41 [Prince Ribbit (18)]
   545 | D:4      | Slain by Prince Ribbit

Action                   |  1- 3 |  4- 6 || total
-------------------------+-------+-------++-------
Melee: Unarmed           |    66 |     2 ||    68
Throw: Large rock        |     4 |     5 ||     9
       Throwing net      |       |     2 ||     2
  Eat: Chunk             |     2 |     1 ||     3
